 Dungeon Crawl Stone Soup version 0.22-a0-280-g69bf1f3 (webtiles) character file.

2 tidbits the Insei (level 1, -2/17 HPs)
             Began as a Gnoll Transmuter on Mar 16, 2018.
             Slain by a hobgoblin
             ... wielding a +0 club
              (5 damage)
             ... on level 1 of the Dungeon.
             The game lasted 00:01:00 (84 turns).

tidbits the Insei (Gnoll Transmuter)                  Turns: 84, Time: 00:01:01

Health: -2/17      AC:  2    Str: 12    XL:     1   Next: 40%
Magic:  6/6        EV: 14    Int: 15    God:
Gold:   27         SH:  0    Dex: 15    Spells: 8/9 levels left

rFire    . . .     SeeInvis .   b - +0 hunting sling (freeze)
rCold    . . .     Gourm    .   (no shield)
rNeg     . . .     Faith    .   B - +0 robe
rPois    .         Spirit   .   (no helmet)
rElec    .         Reflect  .   (no cloak)
rCorr    .         Harm     .   (no gloves)
MR       .....                  (no boots)
Stlth    +.........             (no amulet)
HPRegen  0.05/turn              (no ring)
MPRegen  0.10/turn              (no ring)

@: no status effects
A: distributed training, fangs 1, strong nose
a: no special abilities


You were on level 1 of the Dungeon.
You were not hungry.

You visited 1 branch of the dungeon, and saw 2 of its levels.

You collected 27 gold pieces.

Inventory:

Hand Weapons
 b - a +0 hunting sling of freezing (weapon)
   (You took it off a goblin on level 2 of the Dungeon)
 g - a +0 dagger
 h - a +0 short sword
Missiles
 a - 12 arrows
 i - 12 stones (quivered)
Armour
 B - a +0 robe (worn)
Scrolls
 c - a scroll of identify {unknown}
 e - a scroll of enchant weapon {unknown}
 f - 2 scrolls of fear {unknown}
Comestibles
 d - a ration


   Skills:
 + Level 2.3 Fighting
 + Level 0.0 Short Blades
 + Level 0.0 Long Blades
 + Level 0.0 Axes
 + Level 0.0 Maces & Flails
 + Level 0.0 Polearms
 + Level 0.0 Staves
 + Level 0.0 Slings
 + Level 0.0 Bows
 + Level 0.0 Crossbows
 + Level 0.0 Throwing
 + Level 0.0 Armour
 + Level 4.4 Dodging
 + Level 0.0 Stealth
 + Level 0.0 Shields
 + Level 6.4 Unarmed Combat
 + Level 4.8 Spellcasting
 + Level 0.0 Conjurations
 + Level 0.0 Hexes
 + Level 0.0 Charms
 + Level 0.0 Summonings
 + Level 0.0 Necromancy
 + Level 0.0 Translocations
 + Level 3.6 Transmutations
 + Level 0.0 Fire Magic
 + Level 0.0 Ice Magic
 + Level 0.0 Air Magic
 + Level 0.0 Earth Magic
 + Level 0.0 Poison Magic
 + Level 0.1 Invocations
 + Level 0.0 Evocations


You had 8 spell levels left.
You knew the following spells:

 Your Spells              Type           Power        Failure   Level  Hunger
e - Beastly Appendage     Tmut           ##....       3%          1    None


Dungeon Overview and Level Annotations

Branches:
Dungeon (2/15)

Altars:
Gozag


Innate Abilities, Weirdness & Mutations

Your experience applies equally to all skills.
You have very sharp teeth.
Your uncanny sense of smell can sniff out nearby items.


Message History

A goblin comes into view. It is wielding a short sword.
The goblin unwields an uncursed short sword.
The goblin wields a runed hunting sling.
It is covered in frost.
The goblin shoots a stone.
The stone completely misses you.
Found a dagger.
You see here a stone.
The goblin shoots a stone.
The stone hits you. The stone freezes you.
You see here a stone.
You see here a scroll labeled ISUSEQOOHO.
f - a scroll labeled ISUSEQOOHO The goblin shoots a stone.
The stone hits you.
* * * LOW HITPOINT WARNING * * *
The stone freezes you.
* * * LOW HITPOINT WARNING * * *
The goblin shoots a stone.
The stone barely misses you.
The goblin shoots a stone.
The stone misses you.
The goblin unwields an uncursed hunting sling of freezing.
The goblin wields an uncursed short sword.
The goblin barely misses you.
Found 6 gold pieces.
Sorry, you're not good enough to have a special ability.
Casting: Beastly Appendage (safe; 3% risk of failure)
Confirm with . or Enter, or press ? or * to list all spells.
Your feet morph into talons.
The goblin hits you with an uncursed short sword.
* * * LOW HITPOINT WARNING * * *
You punch the goblin!
You kill the goblin!
Items here: ( )) † an uncursed short sword; an uncursed hunting sling of freezing; 16 stones a goblin corpse
g - an uncursed hunting sling of freezing
h - an uncursed short sword;
i - 16 stones Adjust (i)tems, (s)pells, or (a)bilities?
Adjust which item? (? for menu, Esc to quit)
g - an uncursed hunting sling of freezing Adjust to which letter? (? for menu, Esc to quit)
b - an uncursed hunting sling of freezing
g - a +0 robe (worn)
Adjust (i)tems, (s)pells, or (a)bilities?
Adjust which item? (? for menu, Esc to quit)
g - a +0 robe (worn)
Adjust to which letter? (? for menu, Esc to quit)
B - a +0 robe (worn)
Adjust (i)tems, (s)pells, or (a)bilities?
Adjust which item? (? for menu, Esc to quit)
Okay, then.
Wield which item (- for none, * to show all)? (? for menu, Esc to quit)
Your +0 hunting sling of freezing is covered in frost.
b - a +0 hunting sling of freezing (weapon)
Found 6 gold pieces.
You see here a dagger.
g - a dagger Your transformation is almost over.
Found an opulent altar of Gozag.
You see here 6 gold pieces.
You now have 21 gold pieces (gained 6).
A goblin comes into view. It is wielding a club.
Firing (i - inventory)
i - 16 stones (quivered)
Press: ? - help, Shift-Dir - straight line, f - goblin
Aim: a goblin, wielding a club (resting)
You shoot a stone. The stone hits the goblin.
The stone freezes the goblin.
The goblin shouts!
The goblin is severely wounded.
Firing (i - inventory)
i - 15 stones (quivered)
Press: ? - help, Shift-Dir - straight line, f/p - goblin
Aim: a goblin, wielding a club (severely wounded)
You shoot a stone. The stone hits the goblin.
The stone freezes the goblin.
You kill the goblin!
Your talons disappear.
Found a ration.
Found a scroll labeled ISUSEQOOHO and a flail.
Found a stone staircase leading up.
You see here 6 gold pieces.
You now have 27 gold pieces (gained 6).
A frilled lizard comes into view.
You see here a scroll labeled ISUSEQOOHO.
f - 2 scrolls labeled ISUSEQOOHO (gained 1)
There is a stone staircase leading up here.
You climb upwards.
The hobgoblin shouts!
The hobgoblin completely misses you.
Found a scroll labeled PIUWEJ ELONIQ and a runed dagger.
There is a stone staircase leading down here.
Unknown command.
Firing (i - inventory)
i - 14 stones (quivered)
Press: ? - help, Shift-Dir - straight line, f - hobgoblin
Aim: a hobgoblin, wielding a club You shoot a stone.
The stone barely misses the hobgoblin.
The hobgoblin hits you with a club.
* * * LOW HITPOINT WARNING * * *
Firing (i - inventory)
i - 13 stones (quivered)
Press: ? - help, Shift-Dir - straight line, f/p - hobgoblin
Aim: a hobgoblin, wielding a club You shoot a stone.
The stone hits the hobgoblin.
The stone freezes the hobgoblin.
The hobgoblin is heavily wounded.
The hobgoblin hits you with a club.
You die...

.#)
...
...
#.##
...#
#..#
#..#
#@.#
#g.#
#..#
#..#
#..#
#..#
#..#
#?.#


You could see a hobgoblin.

Vanquished Creatures
  2 goblins (D:2)
2 creatures vanquished.

Notes
Turn   | Place    | Note
-------+----------+-------------------------------------------
     0 | D:1      | tidbits the Gnoll Transmuter began the quest for the Orb.
     0 | D:1      | Reached XP level 1. HP: 17/17 MP: 6/6
    47 | D:2      | Found an opulent altar of Gozag.
    84 | D:1      | Slain by a hobgoblin

Vault maps used:
D:1:      lemuel_arrival_broad_hall
D:2:      overflow_temple_1_default, lemuel_crystal_altar,
          lemuel_blue_sif_altar, serial_bayou_pond_a, glass_columns_a

Action                   || total
-------------------------++-------
Melee: Unarmed           ||     1
 Fire: Hunting sling     ||     4
 Cast: Beastly Appendage ||     1
Dodge: Dodged            ||     5

Table legend:
 A = Spawn XP
 B = Non-spawn XP
 C = Spawn XP percentage of total XP
 D = Spawn monster count
 E = Non-spawn monster count
 F = Spawn count percentage of total count
 G = Total turns spent on level
                    A         B        C        D         E        F      G
               +---------+---------+-------+---------+---------+-------+---------
         Total |       0 |       4 |   0.0 |       0 |       2 |   0.0 |    84
               +---------+---------+-------+---------+---------+-------+---------
           D:2 |       0 |       4 |   0.0 |       0 |       2 |   0.0 |    65
               +---------+---------+-------+---------+---------+-------+---------

Table legend:
 A = Turns spent in this place as a percentage of turns spent in the entire game.
 B = Non-inter-level travel turns spent in this place as a percentage of non-inter-level travel turns spent in the entire game.
 C = Inter-level travel turns spent in this place as a percentage of turns spent in this place.
 D = Turns resting spent in this place as a percentage of non-inter-level travel turns spent in this place.
 E = Turns spent auto-exploring this place as a percentage of non-inter-level travel turns spent in this place.
 F = Non-inter-level travel turns spent in this place divided by the number of levels of this place that you've seen.
                   A       B       C       D       E      F
               +-------+-------+-------+-------+-------+----------------------
         Total | 100.0 | 100.0 |   0.0 |   0.0 |   0.0 |  42.0
       Dungeon | 100.0 | 100.0 |   0.0 |   0.0 |   0.0 |  42.0
               +-------+-------+-------+-------+-------+----------------------

Table legend:
 A = Kills in this place as a percentage of kills in entire the game.
 B = Kills by you in this place as a percentage of kills by you in the entire game.
 C = Kills by friends in this place as a percentage of kills by friends in the entire game.
 D = Other kills in this place as a percentage of other kills in the entire game.
 E = Experience gained in this place as a percentage of experience gained in the entire game.
 F = Experience gained in this place divided by the number of levels of this place that you have seen.
                   A       B       C       D       E      F
               +-------+-------+-------+-------+-------+----------------------
         Total | 100.0 | 100.0 |   N/A |   N/A | 100.0 |   2.0
       Dungeon | 100.0 | 100.0 |   N/A |   N/A | 100.0 |   2.0
               +-------+-------+-------+-------+-------+----------------------

Vault maps used:
D:1:      lemuel_arrival_broad_hall
D:2:      overflow_temple_1_default, lemuel_crystal_altar,
          lemuel_blue_sif_altar, serial_bayou_pond_a, glass_columns_a
